 Dungeon Crawl Stone Soup version 0.21-a0-349-g0c35859 (webtiles) character file.

89 vishdafish the Chopper (level 4, -4/31 HPs)
             Began as a Demonspawn Chaos Knight on Oct 7, 2017.
             Slain by a bullfrog skeleton (6 damage)
             ... on level 2 of the Dungeon.
             The game lasted 00:03:07 (1660 turns).

vishdafish the Chopper (Demonspawn Chaos Knight)    Turns: 1660, Time: 00:03:08

Health: -4/31      AC:  6    Str: 13    XL:     4   Next: 31%
Magic:  4/4        EV: 12    Int: 17    God:    Xom [.*....]
Gold:   144        SH:  4    Dex: 12    Spells: 3/3 levels left

rFire    . . .     SeeInvis .   a - +0 hand axe (chaos)
rCold    . . .     Gourm    .   (no shield)
rNeg     . . .     Faith    .   b - +2 leather armour
rPois    .         Spirit   .   (no helmet)
rElec    .         Reflect  .   (no cloak)
rCorr    .         Harm     .   i - +0 pair of gloves
MR       .....                  (no boots)
Stlth    +.........             (no amulet)
HPRegen  0.10/turn              (no ring)
MPRegen  0.09/turn              (no ring)

@: brilliant, flying
A: large bone plates 1, blurry vision 1, dopey 1, frail 1
a: Renounce Religion


You were on level 2 of the Dungeon.
You worshipped Xom.
You were a plaything of Xom.
You were near starving.

You visited 1 branch of the dungeon, and saw 2 of its levels.

You collected 144 gold pieces.

Inventory:

Hand Weapons
 a - a +0 hand axe of chaos (weapon)
Armour
 b - a +2 leather armour (worn)
 i - a +0 pair of gloves (worn)
Wands
 p - a wand of digging (8/24)
Scrolls
 f - 2 scrolls of teleportation {unknown}
 g - 2 scrolls of fear {unknown}
 h - a scroll of immolation {unknown}
 j - a scroll of amnesia {unknown}
 k - a scroll of recharging {unknown}
 n - 2 scrolls of remove curse {unknown}
 o - 4 scrolls of identify {unknown}
Comestibles
 c - 3 bread rations
 l - 2 royal jellies
 m - 4 fruits


   Skills:
 + Level 3.5 Fighting
 * Level 3.6 Axes
 + Level 2.4 Armour
 + Level 1.7 Dodging


You had 3 spell levels left.
You didn't know any spells.

Dungeon Overview and Level Annotations

Branches:
Dungeon (2/15)

Altars:
Okawaru


Innate Abilities, Weirdness & Mutations

You are partially covered in large bone plates. (SH +4)
Scrolls take you a little longer to read.
You are dopey. (Int -2)
You are frail. (-10% HP)


Message History

You barely miss the bullfrog skeleton.
The bullfrog skeleton is lightly damaged.
The bullfrog skeleton hits you.
You are too injured to fight recklessly!
You hit the bullfrog skeleton.
The bullfrog skeleton flickers and vanishes!
Deactivating autopickup; reactivate with Ctrl-A.
Something hits you.
You closely miss something. You block something's attack. Something hits you.
* * * LOW HITPOINT WARNING * * *
Something hits you.
* * * LOW HITPOINT WARNING * * *
It was a potion of flight.
You feel very buoyant.
You fly up into the air.
Something hits you but does no damage.
It was a potion of brilliance.
You feel clever all of a sudden. Something hits you but does no damage.
Something hits you.
You die...

#.#<...#.##.# #
##########.#.##.#....###
.........#......#.#.....
#.######.####.###.######
#...........#
#..#####.##.#
#.........#.#
#.#####.#.#.# #@#
#.#...# . #.# #.##..#
... #g# #.##..#
.!...###.### #....>#
#...g.....# #######
#.#####[#.# ..#.# ..# #
##.#


You could see a hobgoblin.

Vanquished Creatures
  3 adders (D:2)
  A worm (D:2)
  A dart slug (D:2)
  A leopard gecko (D:1)
  2 ball pythons (D:1)
  13 goblins
  10 hobgoblins
  6 bats
  4 frilled lizards
  7 kobolds
  6 rats
54 creatures vanquished.

Notes
Turn   | Place    | Note
-------+----------+-------------------------------------------
     0 | D:1      | vishdafish the Demonspawn Chaos Knight began the quest for the Orb.
     0 | D:1      | Reached XP level 1. HP: 18/18 MP: 1/1
    33 | D:1      | Reached skill level 1 in Dodging
    68 | D:1      | XOM: silly message
    77 | D:1      | Gained mutation: You are partially covered in large bone plates. (SH +4) [demonic ancestry]
    77 | D:1      | Reached XP level 2. HP: 11/24 MP: 2/2
   109 | D:1      | XOM: harmless Chrm miscast
   287 | D:1      | XOM: give mutations
   287 | D:1      | Gained mutation: You are frail. (-10% HP) [Xom's mischief]
   287 | D:1      | Gained mutation: You are dopey. (Int -2) [Xom's mischief]
   831 | D:2      | Reached XP level 3. HP: 26/26 MP: 3/3
  1271 | D:2      | Reached XP level 4. HP: 16/31 MP: 4/4
  1365 | D:2      | XOM: give mutation
  1365 | D:2      | Gained mutation: Scrolls take you a little longer to read. [Xom's mischief]
  1501 | D:2      | Found an iron altar of Okawaru.
  1543 | D:2      | XOM: mild Conj miscast
  1657 | D:2      | HP: 1/31 [something (5)]
  1660 | D:2      | Slain by a bullfrog skeleton

Vault maps used:
D:1:      ncdulo_halloftheorcs, st_stairs_11
D:2:      cheibrodos_greedy_goblins, lemuel_doored_altar, first_bread

Skill      XL: |  1  2 |
---------------+-------+-----
Dodging        | 1 |  1.7
Armour         | 2 |  2.4
Axes           | 3 |  3.6
Fighting       | |  3.5

Action                   |  1- 3 |  4- 6 || total
-------------------------+-------+-------++-------
Melee: Hand axe          |   139 |    27 ||   166
  Use: Potion            |       |     2 ||     2
 Stab: Paralysed         |     2 |       ||     2
       Confused          |     1 |       ||     1
  Eat: Chunk             |     1 |       ||     1
Armor: Leather armour    |    52 |    14 ||    66
Dodge: Dodged            |    62 |    16 ||    78
Block: Other             |    18 |     5 ||    23

Table legend:
 A = Spawn XP
 B = Non-spawn XP
 C = Spawn XP percentage of total XP
 D = Spawn monster count
 E = Non-spawn monster count
 F = Spawn count percentage of total count
 G = Total turns spent on level
                    A         B        C        D         E        F      G
               +---------+---------+-------+---------+---------+-------+---------
         Total |       0 |     128 |   0.0 |       0 |      54 |   0.0 |  1660
               +---------+---------+-------+---------+---------+-------+---------
           D:1 |       0 |      39 |   0.0 |       0 |      26 |   0.0 |   829
           D:2 |       0 |      89 |   0.0 |       0 |      28 |   0.0 |   831
               +---------+---------+-------+---------+---------+-------+---------
